 Dungeon Crawl Stone Soup version 0.28.0-43-g3370ac3207 (webtiles) character file.

Game seed: 9404055519407971707

18 honds19 the Skirmisher (level 2, -3/19 HPs)
             Began as a Gargoyle Berserker on Mar 2, 2022.
             Was a Follower of Trog.
             Splashed by a jelly's acid (5 damage)
             ... on level 2 of the Dungeon.
             The game lasted 00:03:49 (1018 turns).

honds19 the Skirmisher (Gargoyle Berserker)         Turns: 1018, Time: 00:03:50

Health: -3/19      AC:  6    Str: 20    XL:     2   Next: 66%
Magic:  2/2        EV: 12    Int:  7    God:    Trog [*.....]
Gold:   11         SH:  0    Dex:  9    Spells: 1/1 levels left

rFire   . . .      SeeInvis .   e - +2 dagger (flame)
rCold   . . .      Faith    .   (no shield)
rNeg    + . .      Spirit   .   b - +0 animal skin
rPois   ∞          Reflect  .   (no helmet)
rElec   +          Harm     .   h - +0 cloak
rCorr   .          Rampage  .   (no gloves)
Will    .....                   (no boots)
Stlth   +.........              (no amulet)
HPRegen 0.06/turn               (no ring)
MPRegen 0.08/turn               (no ring)

@: no status effects
A: sickness immunity, AC +2, negative energy resistance 1, electricity
resistance, torment resistance 1, petrification resistance
a: Renounce Religion, Berserk


You were on level 2 of the Dungeon.
You worshipped Trog.
Trog was aware of your devotion.
You visited 1 branch of the dungeon, and saw 2 of its levels.

You collected 11 gold pieces.

Inventory:

Hand Weapons
 a - a +0 mace
 e - a +2 dagger of flaming (weapon)
Armour
 b - a +0 animal skin (worn)
 h - a +0 cloak (worn)
Scrolls
 d - a scroll of teleportation {unknown}
Potions
 c - a potion of lignification {unknown}
 f - a potion of invisibility {unknown}
 g - 2 potions of curing {unknown}


   Skills:
 + Level 3.5 Fighting
 + Level 3.2 Maces & Flails
 + Level 2.5 Armour
 + Level 1.9 Dodging


You had one spell level left.
You didn't know any spells.
Your spell library was empty.

Dungeon Overview and Level Annotations

Branches:
Dungeon (2/15)

Altars:


Innate Abilities, Weirdness & Mutations

You are immune to sickness and miasma.
Your stone body is resilient. (AC +2)
You are immune to poison.
You resist negative energy. (rN+)
You are resistant to electric shocks. (rElec)
You are resistant to unholy torment.
You are immune to petrification.


Message History

You hit the hobgoblin but do no damage. The hobgoblin hits you.
A hobgoblin comes into view.
You closely miss the hobgoblin. The hobgoblin closely misses you.
You hit the hobgoblin but do no damage. The hobgoblin completely misses you.
You hit the hobgoblin. You burn the hobgoblin.
The hobgoblin is moderately wounded.
The hobgoblin hits you.
You hit the hobgoblin. You burn the hobgoblin.
The hobgoblin is almost dead.
The hobgoblin closely misses you.
You hit the hobgoblin. You burn the hobgoblin.
You kill the hobgoblin!
Trog accepts your kill.
You hit the hobgoblin. You burn the hobgoblin.
You kill the hobgoblin!
Trog accepts your kill.
No target in view!
Done exploring.
Done exploring.
Done exploring.
You can't go down here!
Unknown command.
Your library has no spells.
You see here a +0 cloak.
h - a +0 cloak You start putting on your armour.
You continue putting on your +0 cloak. x4
You finish putting on your +0 cloak.
There is an open door here.
There is a stone staircase leading down here.
You climb downwards.
There is a stone staircase leading up here.
A jelly comes into view.
The jelly quivers.
Found a scroll labelled IRIACWIRERGH.
You hit the jelly. You burn the jelly.
Your hands burn!
The jelly is lightly wounded.
The jelly hits you.
You are splashed with acid!
* * * LOW HITPOINT WARNING * * *
You hit the jelly. You burn the jelly.
Your hands burn!
You die...

## .. ######.
.?..... #######
....... #.....#
......J#####.....#
#@.........#
.......#####.....#
......# #<....#
...... #######
#####


You could see a jelly.

Vanquished Creatures
  A dart slug (D:1)
  An endoplasm (D:1)
  4 hobgoblins (D:1)
  2 quokkas (D:1)
  A ball python (D:1)
  A bat (D:1)
  A frilled lizard (D:1)
  3 kobolds (D:1)
  2 rats (D:1)
16 creatures vanquished.

Notes
Turn   | Place    | Note
-------+----------+-------------------------------------------
     0 | D:1      | honds19 the Gargoyle Berserker began the quest for the Orb.
     0 | D:1      | Reached XP level 1. HP: 14/14 MP: 1/1
   282 | D:1      | Reached XP level 2. HP: 19/19 MP: 2/2
   468 | D:1      | Found a faded altar of an unknown god.
  1018 | D:2      | Splashed by a jelly's acid

Illustrated notes

Levels and vault maps discovered:
D:1:      amcnicky_arrival_single_pillar, layout_loops_corners,
          basic_ecumenical_altar
D:2:      layout_loops_cross, eino_tiny_chamber

Action                   || total
-------------------------++-------
Melee: Mace              ||    16
       Dagger            ||    23
Armor: Animal skin       ||    14
Dodge: Dodged            ||    19
